 Dungeon Sprint DCSS version 0.27-a0-67-g4bfc8a49e1 (webtiles) character file.

Game seed: 16038251217337485465

45665 mhtbhm the Archmage (level 14, -2/79 HPs)
             Began as a Deep Elf Earth Elementalist on Jan 10, 2021.
             Was the Champion of Vehumet.
             Slain by a flayed ghost (10 damage)
             ... summoned by a royal mummy
             ... in the Dungeon (Sprint III: "The Ten Rune Challenge").
             The game lasted 00:26:34 (4664 turns).

mhtbhm the Archmage (Deep Elf Earth Elementalist)   Turns: 4664, Time: 00:26:35

Health: -2/79      AC:  5    Str: 11    XL:     14   Next: 2%
Magic:  17/56      EV: 17    Int: 26    God:    Vehumet [******]
Gold:   3639       SH:  0    Dex: 15    Spells: 15/67 levels left

rFire    + . .     SeeInvis .   a - +2 quarterstaff (freeze)
rCold    + + .     Faith    +   (shield currently unavailable)
rNeg     + . .     Spirit   .   c - +2 robe {rC+ rF+}
rPois    +         Reflect  .   z - +0 helmet (curse)
rElec    .         Harm     .   x - scarf {rC+ rF+}
rCorr    .         Rampage  .   (no gloves)
Will     ++++.     Clarity  +   (no boots) Stlth +++.......NoTele +
                                u - amulet "Dukimez" {Faith Stlth+}
HPRegen  0.23/turn              v - ring "Ifexze" {rPois rF- rN+ Will+++ Str+6}
MPRegen  0.35/turn              C - ring of magical power

@: no status effects
A: talons 1, clarity, robust 1
a: Renounce Religion


You were in the Dungeon.
You worshipped Vehumet.
Vehumet was exalted by your worship.
You visited 1 branch You collected 4544 gold pieces.
You spent 905 gold pieces at shops.

Inventory:

Hand Weapons
 a - a +2 quarterstaff of freezing (weapon)
Missiles
 b - 4 stones
 r - 6 curare-tipped darts
Armour
 c - a +2 robe of resistance (worn)
 x - a scarf of resistance (worn)
 y - a +2 robe of poison resistance
 z - a cursed +0 helmet (worn)
 A - the +4 cloak "Fuwne" {rElec rF- Str-5 Dex+8}
   (You bought it in a shop in the Dungeon)

   It affects your strength (-5).
   It affects your dexterity (+8).
   It makes you vulnerable to fire.
   It insulates you from electricity.
Jewellery
 u - the amulet "Dukimez" (around neck) {Faith Stlth+}
   (You found it in the Dungeon)

   [amulet of faith]

   It allows you to gain divine favour quickly.
   It makes you more stealthy.
 v - the ring "Ifexze" (left hand) {rPois rF- rN+ Will+++ Str+6}
   (You found it in the Dungeon)

   [ring of strength]

   It affects your strength (+6).
   It makes you vulnerable to fire.
   It protects you from poison.
   It protects you from negative energy.
   It affects your willpower, your defense against some magical effects.
 C - a ring of magical power (right hand)
Wands
 t - a wand of acid (10)
 B - a wand of polymorph (7)
Scrolls
 i - 6 scrolls of identify
 j - 4 scrolls of immolation
 k - 4 scrolls of amnesia
 l - 3 scrolls of remove curse
 m - a scroll of blinking
 o - a scroll of enchant weapon
 s - a scroll of silence
Potions
 d - 5 potions of curing
 e - a potion of heal wounds
 f - a potion of haste
 g - 2 potions of magic
 h - 2 potions of berserk rage
 n - a potion of brilliance
 q - a potion of attraction
Miscellaneous
 p - a condenser vane
 w - a lightning rod (4/4)


   Skills:
 + Level 2.2 Fighting
 + Level 0.7 Throwing
 + Level 7.6 Dodging
 - Level 3.6 Stealth
 O Level 27 Spellcasting
 + Level 6.5 Conjurations
 + Level 8.0 Transmutations
 + Level 3.0 Fire Magic
 + Level 2.3 Air Magic
 O Level 27 Earth Magic
 + Level 2.8 Poison Magic
 + Level 3.6 Evocations


You had 15 spell levels left.
You knew the following spells:

 Your Spells              Type           Power        Failure   Level
a - Sandblast             Erth           100%         0%          1
b - Passwall              Tmut/Erth      75%          0%          2
c - Stone Arrow           Conj/Erth      100%         0%          3
d - Lee's Rapid Deconstr  Erth           54%          0%          5
e - Petrify               Tmut/Erth      90%          0%          4
f - Mephitic Cloud        Conj/Pois/Air  53%          1%          3
g - Bolt of Magma         Conj/Fire/Erth 39%          1%          5
h - Iron Shot             Conj/Erth      44%          1%          6
i - Statue Form           Tmut/Erth      60%          1%          6
j - Shatter               Erth           54%          1%          9
k - Lehudib's Crystal Sp  Conj/Erth      44%          1%          8

Your spell library contained the following spells:

 Spells                   Type           Power        Failure   Level
 Ignition                 Fire           25%          97%         8
 Tornado                  Air            23%          100%        9
 Magic Dart               Conj           100%         1%          1
 Blink                    Tloc           N/A          1%          2
 Call Imp                 Summ           35%          1%          2
 Ensorcelled Hibernation  Hex/Ice        70%          1%          2
 Slow                     Hex            35%          1%          2
 Conjure Flame            Conj/Fire      56%          1%          3
 Leda's Liquefaction      Hex/Erth       40%          1%          4
 Borgnjor's Vile Clutch   Necr/Erth      40%          1%          5
 Irradiate                Conj/Tmut      32%          1%          5
 Hydra Form               Tmut           33%          4%          6
 Silence                  Hex/Air        20%          14%         5
 Dragon Form              Tmut           33%          26%         7
 Shadow Creatures         Summ           N/A          77%         6


Dungeon Overview and Level Annotations

Branches:
Dungeon (1/1)

Altars:
Cheibriados
Dithmenos
Elyvilon
Fedhas
Gozag
Hepliaklqana
Kikubaaqudgha
Makhleb
Nemelex Xobeh
Okawaru
Qazlal
Ru
Sif Muna
Trog
Uskayaw
Vehumet
Wu Jian
Xom
Yredelemnul
Zin
The Shining One
Beogh
Jiyva
Lugonu

Shops:
D }[(=[(}?:![}


Innate Abilities, Weirdness & Mutations

You have sharp toenails.
You possess an exceptional clarity of mind.
You are robust. (+10% HP)


Message History

The blast of rock fragments hits the flayed ghost!!!
The flayed ghost is severely damaged.
The blast of rock fragments hits the royal mummy!!!
The royal mummy is moderately damaged.
The jiangshi closely misses you. The jiangshi claws you!
The royal mummy gestures wildly while chanting.
The flayed ghost cries, "Feel what I felt!"
The flayed ghost hits you!!
* * * LOW HITPOINT WARNING * * *
Unknown command.
Unknown command.
You feel much better.
The jiangshi misses you. x2; The jiangshi claws you!
* * * LOW HITPOINT WARNING * * *
The jiangshi draws strength from your injuries!
The jiangshi claws you!
* * * LOW HITPOINT WARNING * * *
The jiangshi draws strength from your injuries!
The royal mummy gestures wildly while chanting.
The flayed ghost hits you!
You die...

▓..#....^....^....#
▓..#^^.^^...^...(.#
▓..#..##########..#
▓^..^.# #^.#
▓..#..# #.^#
▓..#..# #..#
▓..#^.# #.^#
▓..#..#B########..#
▓..#..#BWMnW@...^.#
▓..+..#.zWMVZ.^...#
▓##################


You could see 2 royal mummies, a jiangshi (summoned), 2 flayed ghosts, 2 death
scarabs, a necrophage (summoned), a shadow (summoned), a flying skull (summoned)
and a quokka skeleton (summoned).

Vanquished Creatures
  A lich (D)
  A deep elf blademaster (D)
  2 sphinxes (D)
  Harold (D)
  Chuck (D)
  3 deep elf demonologists (D)
  A deep elf annihilator (D)
  A deep elf death mage (D)
  2 mummy priests (D)
  Josephine (D)
  A deep elf high priest (D)
  A yaktaur captain (D)
  A fire dragon (D)
  2 centaur warriors (D)
  4 dancing weapons (D)
  An iron golem (D)
  2 deep elf knights (D)
  4 hell knights (D)
  2 skeletal warriors (D)
  A sea snake (shapeshifter) (D)
  2 unseen horrors (D)
  An orange crystal statue (D)
  Joseph (D)
  4 deep elf magi (D)
  An orc knight (D)
  An orc sorcerer (D)
  4 crystal guardians (D)
  An ugly thing (D)
  4 statues (D)
  21 guardian mummies (D)
  A queen bee (D)
  4 spriggan defenders (D)
  3 wandering mushrooms (D)
  An orc high priest (D)
  2 slime creatures (D)
  A shadow (D)
  A spatial vortex (D)
  A floating eye (D)
  3 orc warriors (D)
  A necrophage (D)
  2 centaurs (D)
  An earth elemental (D)
  A water elemental (D)
  32 killer bees (D)
  A jelly (D)
  4 orc priests (D)
  A wizard (D)
  2 orc wizards (D)
  2 necromancers (D)
  3 humans (D)
  A kobold demonologist (D)
  A wolf (D)
  2 oozes (D)
  10 orcs (D)
  2 rats (D)
  A ballistomycete spore (D)
  2 bushes (D)
159 creatures vanquished.

Vanquished Creatures (others)
  A hydra (D)
  15 plants (D)
16 creatures vanquished.

Grand Total: 175 creatures vanquished

Notes
Turn   | Place    | Note
-------+----------+-------------------------------------------
     0 | D        | mhtbhm the Deep Elf Earth Elementalist began the quest for
                  | the Orb.
     0 | D        | Reached XP level 1. HP: 10/10 MP: 6/6
     7 | D        | Reached skill level 5 in Earth Magic
     7 | D        | Reached XP level 2. HP: 15/15 MP: 2/8
    10 | D        | Learned a level 2 spell: Passwall
   114 | D        | Gained mutation: You are weak. (Str -2) [potion of
                  | mutation]
   114 | D        | Gained mutation: You expend magic power (3 MP) to
                  | strengthen your wands. [potion of mutation]
   116 | D        | Lost mutation: You are weak. (Str -2) [potion of mutation]
   116 | D        | Lost mutation: You expend magic power (3 MP) to strengthen
                  | your wands. [potion of mutation]
   116 | D        | Gained mutation: You have sharp toenails. [potion of
                  | mutation]
   116 | D        | Gained mutation: You are clumsy. (Dex -2) [potion of
                  | mutation]
   116 | D        | Gained mutation: You are weak. (Str -2) [potion of
                  | mutation]
   116 | D        | Gained mutation: You have sharp fingernails. [potion of
                  | mutation]
   117 | D        | Lost mutation: You are clumsy. (Dex -2) [potion of
                  | mutation]
   117 | D        | Lost mutation: You have sharp fingernails. [potion of
                  | mutation]
   117 | D        | Gained mutation: You possess an exceptional clarity of
                  | mind. [potion of mutation]
   117 | D        | Lost mutation: You are weak. (Str -2) [potion of mutation]
   117 | D        | Gained mutation: You are robust. (+10% HP) [potion of
                  | mutation]
   144 | D        | Reached XP level 3. HP: 10/20 MP: 1/11
   148 | D        | Learned a level 3 spell: Stone Arrow
   316 | D        | Reached skill level 5 in Spellcasting
   329 | D        | Noticed a water elemental
   334 | D        | Killed a water elemental
   335 | D        | Reached XP level 4. HP: 25/26 MP: 7/14
   382 | D        | Found a radiant altar of Vehumet.
   382 | D        | Found a shimmering blue altar of Sif Muna.
   382 | D        | Found an ancient bone altar of Kikubaaqudgha.
   382 | D        | Noticed a wizard
   383 | D        | Killed a wizard
   387 | D        | Reached XP level 5. HP: 30/30 MP: 11/17
   390 | D        | Became a worshipper of Vehumet
   411 | D        | Learned a level 5 spell: Lee's Rapid Deconstruction
   416 | D        | Learned a level 4 spell: Petrify
   424 | D        | Found a basalt altar of Yredelemnul.
   424 | D        | Found a shadowy altar of Dithmenos.
   424 | D        | Found a sacrificial altar of Ru.
   424 | D        | Noticed a necrophage
   426 | D        | Killed a necrophage
   427 | D        | Reached skill level 10 in Earth Magic
   501 | D        | Found a glowing silver altar of Zin.
   501 | D        | Found a glowing golden altar of the Shining One.
   501 | D        | Found a white marble altar of Elyvilon.
   501 | D        | Noticed a deep elf mage
   504 | D        | Killed a deep elf mage
   504 | D        | Reached * piety under Vehumet
   504 | D        | Offered knowledge of Shock by Vehumet.
   505 | D        | Reached skill level 5 in Dodging
   505 | D        | Reached XP level 6. HP: 35/35 MP: 4/24
   505 | D        | Reached XP level 7. HP: 39/39 MP: 4/25
   614 | D        | Found a hide-covered altar of Uskayaw.
   614 | D        | Found a roughly hewn altar of Beogh.
   614 | D        | Found an iron altar of Okawaru.
   614 | D        | Found a bloodstained altar of Trog.
   614 | D        | Found an ornate altar of the Wu Jian Council.
   614 | D        | Noticed a human
   614 | D        | Noticed a human
   617 | D        | Killed a human
   617 | D        | Killed a human
   686 | D        | Reached ** piety under Vehumet
   686 | D        | Offered knowledge of Foxfire by Vehumet.
   688 | D        | Noticed a shadow
   689 | D        | Killed a shadow
   690 | D        | Reached XP level 8. HP: 45/45 MP: 20/28
   724 | D        | Found a blossoming altar of Fedhas.
   724 | D        | Found a stormy altar of Qazlal.
   724 | D        | Found a snail-covered altar of Cheibriados.
   724 | D        | Found a burning altar of Makhleb.
   724 | D        | Found a shimmering altar of Xom.
   725 | D        | Found a hazy altar of Hepliaklqana.
   725 | D        | Found an opulent altar of Gozag.
   725 | D        | Found a sparkling altar of Nemelex Xobeh.
   725 | D        | Found a corrupted altar of Lugonu.
   725 | D        | Found a viscous altar of Jiyva.
   780 | D        | Noticed Josephine
   788 | D        | Killed Josephine
   789 | D        | Reached skill level 15 in Earth Magic
   789 | D        | Reached XP level 9. HP: 22/49 MP: 6/31
   956 | D        | Offered knowledge of Inner Flame by Vehumet.
   956 | D        | Reached *** piety under Vehumet
  1118 | D        | Offered knowledge of Fulminant Prism by Vehumet.
  1118 | D        | Noticed a centaur warrior
  1122 | D        | Killed a centaur warrior
  1339 | D        | Killed an unseen horror
  1339 | D        | Reached **** piety under Vehumet
  1511 | D        | Killed an unseen horror
  1511 | D        | Offered knowledge of Lightning Bolt by Vehumet.
  1512 | D        | Reached skill level 1 in Fighting
  1512 | D        | Reached XP level 10. HP: 36/57 MP: 19/35
  1517 | D        | Learned a level 3 spell: Mephitic Cloud
  1640 | D        | Reached skill level 1 in Conjurations
  1697 | D        | Killed a seven-headed hydra
  1771 | D        | Reached ***** piety under Vehumet
  1771 | D        | Offered knowledge of Orb of Destruction by Vehumet.
  1777 | D        | Reached ****** piety under Vehumet
  2010 | D        | Noticed Harold
  2010 | D        | Noticed Joseph
  2017 | D        | Killed Harold
  2028 | D        | Killed Joseph
  2029 | D        | Reached XP level 11. HP: 49/61 MP: 2/38
  2179 | D        | Found Vidiut's Gadget Shoppe.
  2180 | D        | Noticed an orc knight
  2182 | D        | Offered knowledge of Ozocubu's Refrigeration by Vehumet.
  2183 | D        | Reached skill level 1 in Evocations
  2185 | D        | Killed an orc knight
  2187 | D        | Noticed an orc sorcerer
  2189 | D        | Noticed a sixfirhy
  2191 | D        | Killed an orc sorcerer
  2315 | D        | Noticed a deep elf knight
  2315 | D        | Noticed a deep elf mage
  2315 | D        | Noticed a deep elf knight
  2315 | D        | Noticed a deep elf mage
  2315 | D        | Noticed a deep elf mage
  2324 | D        | Killed a deep elf mage
  2324 | D        | Killed a deep elf knight
  2325 | D        | Killed a deep elf mage
  2326 | D        | Killed a deep elf knight
  2328 | D        | Killed a deep elf mage
  2459 | D        | Identified the +4 flail "Gotyeli" {antimagic, *Rage +Blink
                  | rElec rN+++}
  2459 | D        | Noticed a deep elf demonologist
  2459 | D        | Identified the +7 long sword of Barnacled Courage {freeze,
                  | rC++ SInv Stlth+}
  2459 | D        | Noticed a deep elf demonologist
  2459 | D        | Noticed a deep elf high priest
  2460 | D        | Killed a deep elf demonologist
  2460 | D        | Offered knowledge of Bolt of Magma by Vehumet.
  2461 | D        | Killed a deep elf demonologist
  2461 | D        | Killed a deep elf demonologist
  2462 | D        | Reached skill level 5 in Transmutations
  2462 | D        | Reached skill level 1 in Poison Magic
  2464 | D        | Killed a deep elf high priest
  2464 | D        | Noticed a deep elf annihilator
  2465 | D        | Reached skill level 1 in Air Magic
  2466 | D        | Killed a deep elf annihilator
  2467 | D        | Reached XP level 12. HP: 19/67 MP: 29/42
  2514 | D        | Noticed a deep elf blademaster
  2687 | D        | Noticed a deep elf death mage
  2699 | D        | Killed a deep elf blademaster
  2702 | D        | Killed a deep elf death mage
  2750 | D        | Got a sparkling bronze amulet
  2750 | D        | Got a wavering steel ring
  2834 | D        | Identified the amulet "Dukimez" {Faith Stlth+} (You found
                  | it in the Dungeon)
  2834 | D        | Identified the ring "Ifexze" {rPois rF- rN+ Will+++ Str+6}
                  | (You found it in the Dungeon)
  2914 | D        | Offered knowledge of Conjure Ball Lightning by Vehumet.
  3001 | D        | Learned a level 5 spell: Bolt of Magma
  3008 | D        | Learned a level 6 spell: Iron Shot
  3015 | D        | Learned a level 6 spell: Statue Form
  3025 | D        | Learned a level 9 spell: Shatter
  3037 | D        | Noticed a yaktaur captain
  3179 | D        | Found Lutanahu's Gadget Emporium.
  3179 | D        | Found Igesuyst's Magic Scroll Shop.
  3179 | D        | Found Zinwuis's Antique Armour Boutique.
  3179 | D        | Found Hiyggisa's Gadget Shoppe.
  3179 | D        | Found Kutakuf's Weapon Boutique.
  3179 | D        | Found Sathre's Jewellery Shoppe.
  3179 | D        | Found Ylaist's Antique Armour Shop.
  3179 | D        | Found Luleshra's Antique Weapon Shop.
  3179 | D        | Found Felaes's Distillery.
  3179 | D        | Found Baskub's Antique Armour Emporium.
  3179 | D        | Found Fuonox's Book Boutique.
  3211 | D        | Bought a glowing helmet for 232 gold pieces
  3211 | D        | Bought a twisted cloak for 294 gold pieces
  3221 | D        | Identified the +4 cloak "Fuwne" {rElec rF- Str-5 Dex+8}
                  | (You bought it in a shop in the Dungeon)
  3247 | D        | Bought an embroidered scarf for 184 gold pieces
  3274 | D        | Bought a scroll of blinking for 105 gold pieces
  3285 | D        | Bought a potion of flight for 30 gold pieces
  3285 | D        | Bought a potion of curing for 30 gold pieces
  3285 | D        | Bought a potion of curing for 30 gold pieces
  3311 | D        | Offered knowledge of Spellforged Servitor by Vehumet.
  3502 | D        | Offered knowledge of Yara's Violent Unravelling by Vehumet.
  3677 | D        | Noticed a centaur warrior
  3678 | D        | Killed a centaur warrior
  3694 | D        | Noticed a fire dragon
  3703 | D        | Killed a fire dragon
  3764 | D        | Offered knowledge of Eringya's Noxious Bog by Vehumet.
  3765 | D        | Reached skill level 27 in Spellcasting
  3766 | D        | Reached XP level 13. HP: 71/71 MP: 39/46
  3768 | D        | Found the +7 Spriggan's Knife {stab, EV+4 Stlth+}
  3847 | D        | Reached skill level 1 in Fire Magic
  3913 | D        | Noticed Chuck
  3924 | D        | Killed Chuck
  4008 | D        | Offered knowledge of Lehudib's Crystal Spear by Vehumet.
  4008 | D        | Offered knowledge of Tornado by Vehumet.
  4008 | D        | Offered knowledge of Ignition by Vehumet.
  4021 | D        | Learned a level 8 spell: Lehudib's Crystal Spear
  4074 | D        | Reached skill level 5 in Conjurations
  4081 | D        | Noticed a lich
  4084 | D        | Killed a lich
  4102 | D        | Noticed a mummy priest
  4103 | D        | Noticed a sphinx
  4104 | D        | Killed a mummy priest
  4106 | D        | Noticed a sphinx
  4109 | D        | Killed a sphinx
  4112 | D        | Killed a sphinx
  4298 | D        | Noticed a mummy priest
  4313 | D        | Killed a mummy priest
  4655 | D        | Reached skill level 27 in Earth Magic
  4656 | D        | Reached XP level 14. HP: 42/79 MP: 41/47
  4659 | D        | Noticed a royal mummy
  4661 | D        | Noticed a royal mummy
  4663 | D        | HP: 2/79 [flayed ghost[a royal mummy] (28)]
  4664 | D        | Slain by a flayed ghost

Illustrated notes

Levels and vault maps discovered:
D:        dungeon_sprint_mu [sprint_mu_entry_forest, sprint_mu_temple_rooms,
          sprint_mu_d1_horrors, sprint_mu_d2_genie, sprint_mu_d3_branching,
          sprint_mu_orc_legion, sprint_mu_elf_gauntlet, sprint_mu_hive_nellie,
          sprint_mu_lair_fedhas, sprint_mu_vaults_butterflies,
          sprint_mu_slime_circle, sprint_mu_shoals_kraken,
          sprint_mu_snake_twists, sprint_mu_blade_basic,
          sprint_mu_crypt_fortress, sprint_mu_tomb_spiral,
          sprint_mu_vestibule_basic, sprint_mu_gehenna_hellfire,
          sprint_mu_dis_giant, sprint_mu_tartarus_statrot,
          sprint_mu_cocytus_islands, sprint_mu_zot1]

Skill      XL: |  1  2  3  4  5  6  7  8  9 10 11 12 13 14 |
---------------+-------------------------------------------+-----
Earth Magic    | 5 6 8 12 13 15 16 18 20 22 27 | 27.0
Dodging        | 3 4 5 6 7 |  7.6
Stealth        | 3 |  3.6
Spellcasting   | 4 6 7 13 14 16 19 21 24 27 | 27.0
Transmutations | 2 3 4 5 7 8 |  8.0
Fighting       | 1 2 |  2.2
Conjurations   | 3 6 |  6.5
Evocations     | 1 2 3 |  3.6
Poison Magic   | 1 2 |  2.8
Air Magic      | 1 2 |  2.3
Fire Magic     | 3 |  3.0
Throwing       | |  0.7

Action                   |  1- 3 |  4- 6 |  7- 9 | 10-12 | 13-15 || total
-------------------------+-------+-------+-------+-------+-------++-------
Melee: Kick              |       |       |       |     3 |     1 ||     4
       Quarterstaff      |       |       |       |     3 |     2 ||     5
Throw: Dart              |       |       |       |     1 |       ||     1
 Cast: Sandblast         |    19 |     4 |       |     2 |     1 ||    26
       Passwall          |     2 |       |       |     2 |       ||     4
       Lee's Rapid Decon |       |     5 |    24 |    70 |    56 ||   155
       Petrify           |       |       |     1 |     3 |       ||     4
       Stone Arrow       |       |       |       |    16 |     1 ||    17
       Mephitic Cloud    |       |       |       |     4 |     2 ||     6
       Statue Form       |       |       |       |     2 |     5 ||     7
       Bolt of Magma     |       |       |       |       |     5 ||     5
       Iron Shot         |       |       |       |       |     5 ||     5
       Shatter           |       |       |       |       |     2 ||     2
       Lehudib's Crystal |       |       |       |       |     3 ||     3
Evoke: Condenser vane    |       |       |       |     4 |     1 ||     5
       Lightning rod     |       |       |       |     2 |     3 ||     5
  Use: Potion            |     3 |       |       |     1 |     2 ||     6
       Scroll            |       |       |       |     7 |     1 ||     8
Armor: Robe              |       |       |     1 |       |       ||     1
       Skin              |       |       |       |     1 |    15 ||    16
Dodge: Dodged            |     3 |       |       |    18 |    10 ||    31
       Rpst.: Long sword |       |       |       |     3 |       ||     3

Table legend: (Time is in decaauts)
 A = Elapsed time spent in this place.
 B = Non-inter-level travel time spent in this place.
 C = Inter-level travel time spent in this place.
 D = Time resting spent in this place.
 E = Time spent auto-exploring this place.
 F = Levels seen in this place.
 G = Mean time per level.
                   A        B        C        D        E       F      G
               +--------+--------+--------+--------+--------+-----+--------+
         Total |   4891 |   4867 |     24 |   3199 |      1 |   1 | 4891.0 |
       Dungeon |   4891 |   4867 |     24 |   3199 |      1 |   1 | 4891.0 |
               +--------+--------+--------+--------+--------+-----+--------+

Top non-repeatable levels by time:
       D: 4891 daAuts
